 Dungeon Crawl Stone Soup version 0.28.0-45-g0d030f2227 (webtiles) character file.

Game seed: 11444084631349140834

67 pkoi the Firebug (level 3, -9/26 HPs)
             Began as a Demigod Fire Elementalist on Apr 11, 2022.
             Mangled by an iguana (11 damage)
             ... on level 3 of the Dungeon.
             The game lasted 00:01:57 (3429 turns).

pkoi the Firebug (Demigod Fire Elementalist)        Turns: 3429, Time: 00:01:57

Health: -9/26      AC:  2    Str:  9    XL:     3   Next: 72%
Magic:  7/9        EV: 12    Int: 21    God:
Gold:   62         SH:  0    Dex: 14    Spells: 4/7 levels left

rFire   . . .      SeeInvis .   d - +0 dagger
rCold   . . .      Faith    .   (no shield)
rNeg    . . .      Spirit   .   a - +0 robe
rPois   .          Reflect  .   (no helmet)
rElec   .          Harm     .   (no cloak)
rCorr   .          Rampage  .   (no gloves)
Will    .....                   (no boots)
Stlth   ++........              (no amulet)
HPRegen 0.08/turn               (no ring)
MPRegen 0.11/turn               (no ring)

@: no status effects
A: high MP 1, forlorn, divine attributes
a: no special abilities


You were on level 3 of the Dungeon.
You visited 1 branch of the dungeon, and saw 3 of its levels.

You collected 62 gold pieces.

Inventory:

Hand Weapons
 d - a +0 dagger (weapon)
Missiles
 c - 6 poisoned darts
Armour
 a - a +0 robe (worn)
Scrolls
 b - 2 scrolls of teleportation {unknown}
 f - a scroll of enchant weapon {unknown}
 h - 2 scrolls of identify {unknown}
Potions
 e - a potion of lignification {unknown}
 g - a potion of haste {unknown}
 i - 2 potions of flight {unknown}


   Skills:
 - Level 1.7 Dodging
 - Level 1.7 Stealth
 + Level 2.5 Spellcasting
 + Level 2.1 Conjurations
 + Level 3.3 Fire Magic


You had 4 spell levels left.
You knew the following spells:

 Your Spells              Type           Power      Damage    Failure   Level
a - Foxfire               Conj/Fire      56%        2x1d6     4%          1
b - Scorch                Fire           32%        2d7       5%          2

Your spell library contained the following spells:

 Spells                   Type           Power      Damage    Failure   Level
 Conjure Flame            Conj/Fire      14%        6-21      14%         3
 Inner Flame              Hex/Fire       9%         N/A       22%         3
 Frozen Ramparts          Ice            4%         1d2       38%         3
 Flame Wave               Conj/Fire      14%        2d6       41%         4
 Ice Form                 Ice/Tmut       2%         N/A       80%         4
 Summon Ice Beast         Ice/Summ       2%         N/A       80%         4


Dungeon Overview and Level Annotations

Branches:
Dungeon (3/15)


Innate Abilities, Weirdness & Mutations

You have an increased reservoir of magic. (+10% MP)
You shall have no god before yourself.
Your divine heritage dramatically boosts your attributes as you level up.


Message History

The adder bites you. The orc closely misses you.
You climb upwards.
There is a stone staircase leading down here.
Unknown command.
Flames lash the orc.
The orc is almost dead.
The orc's fire resistance burns away.
The adder bites you but does no damage. The orc closely misses you.
Flames lash the adder.
You kill the adder!
The orc misses you.
Flames lash the orc.
The orc is burned terribly!
You kill the orc!
You can't see any susceptible monsters within range! (Use Z to cast anyway.)
You start resting.
Magic restored.
You start waiting.
Done waiting.
You start waiting.
Done waiting.
You climb downwards.
The orc hits you but does no damage. The iguana bites you.
The orc hits you with a +0 short sword.
There is a stone staircase leading up here.
Flames lash the orc.
The orc is heavily wounded.
The orc's fire resistance burns away.
The orc hits you with a +2 dagger of freezing.
* * * LOW HITPOINT WARNING * * *
The orc freezes you.
* * * LOW HITPOINT WARNING * * *
The iguana bites you!
Ouch! That really hurt!
* * * LOW HITPOINT WARNING * * *
The orc barely misses you.
The orc hits you with a +2 dagger of freezing.
* * * LOW HITPOINT WARNING * * *
The orc freezes you.
* * * LOW HITPOINT WARNING * * *
The iguana bites you!
You die...

## ... ....###
.......####
.......oo.#.##.
.......@l......
..........##..#
#♣........#
##.......#
#+......#
##.....#
#♣##... ....


You could see an iguana and 2 orcs.

Vanquished Creatures
  3 adders (D:2)
  A worm (D:2)
  A dart slug (D:2)
  An orc (D:2)
  4 ball pythons (D:1)
  A giant cockroach (D:1)
  4 goblins
  2 hobgoblins
  A quokka (D:2)
  5 bats
  6 kobolds
  8 rats
37 creatures vanquished.

Vanquished Creatures (collateral kills)
  A foxfire (D:1)
1 creature vanquished.

Vanquished Creatures (others)
  104 foxfires
104 creatures vanquished.

Grand Total: 142 creatures vanquished

Notes
Turn   | Place    | Note
-------+----------+-------------------------------------------
     0 | D:1      | pkoi the Demigod Fire Elementalist began the quest for the
                  | Orb.
     0 | D:1      | Reached XP level 1. HP: 14/14 MP: 5/5
    27 | D:1      | Reached skill level 1 in Conjurations
   889 | D:1      | Reached XP level 2. HP: 17/20 MP: 4/7
  1095 | D:1      | Reached skill level 3 in Fire Magic
  2118 | D:2      | Learned a level 2 spell: Scorch
  2551 | D:2      | Reached XP level 3. HP: 26/26 MP: 1/9
  3429 | D:3      | Mangled by an iguana

Illustrated notes

Levels and vault maps discovered:
D:1:      psy_arrival_dodecagon, layout_basic,
          ebering_ecumenical_altar_petrified, serial_rivers,
          chequers_serial_rivers_small_b, chequers_serial_rivers_marsh,
          chequers_serial_rivers_small_b, chequers_serial_rivers_room_a,
          chequers_serial_rivers_large_a
D:2:      layout_rooms
D:3:      layout_rooms, nicolae_overflow_quartered_altars, uniq_robin

Skill      XL: |  1  2  3 |
---------------+----------+-----
Conjurations   | 1 2 |  2.1
Spellcasting   | 2 |  2.5
Fire Magic     | 3 |  3.3
Dodging        | |  1.7
Stealth        | |  1.7

Action                   || total
-------------------------++-------
Melee: Dagger            ||    14
 Cast: Foxfire           ||    62
       Scorch            ||    16
Armor: Robe              ||    10
Dodge: Dodged            ||    25
